 Dungeon Crawl Stone Soup version 0.23.3-3-gaaff5abdbf (webtiles) character file.

Game seed: 5947223932370645757

1213 MordorOrchid the Magician (level 8, 0/56 HPs)
             Began as a Mummy Fire Elementalist on June 3, 2020.
             Slain by an unseen horror (2 damage)
             ... on level 5 of the Dungeon.
             The game lasted 00:18:14 (6413 turns).

MordorOrchid the Magician (Mummy Fire Elementalist) Turns: 6413, Time: 00:18:14

Health: 0/56       AC:  4    Str: 12    XL:     8   Next: 22%
Magic:  16/16      EV: 13    Int: 16    God:
Gold:   228        SH:  0    Dex: 12    Spells: 5/18 levels left

rFire    x . .     SeeInvis .   y - +3 dagger (venom)
rCold    + + .     Gourm    .   (no shield)
rNeg     + + +     Faith    .   a - +0 robe
rPois    ∞         Spirit   .   g - +0 helmet
rElec    .         Reflect  .   (no cloak)
rCorr    .         Harm     .   o - +0 pair of gloves
MR       ++...                  (no boots)
Stlth    ++........             (no amulet)
HPRegen  0.18/turn              r - ring of protection from cold
MPRegen  0.15/turn              v - ring of protection from magic

@: about to teleport
A: no food or potions, fire vulnerability, cold resistance 1, negative energy
resistance 3, torment resistance, unbreathing
a: no special abilities


You were on level 5 of the Dungeon.
You were not hungry.

You visited 1 branch of the dungeon, and saw 5 of its levels.

You collected 228 gold pieces.

Inventory:

Hand Weapons
 j - a +0 hunting sling
 n - a +0 scythe
 y - a +3 dagger of venom (weapon)
Missiles
 c - 20 bolts
 e - 225 stones
 h - 35 poisoned needles
 l - 34 arrows
 m - 25 sling bullets
 t - 11 tomahawks (quivered)
Armour
 a - a +0 robe (worn)
 g - a +0 helmet (worn)
 o - a +0 pair of gloves (worn)
 u - a +0 buckler
Jewellery
 r - a ring of protection from cold (left hand)
 v - a ring of protection from magic (right hand)
Scrolls
 b - a scroll of fog
 d - 5 scrolls of amnesia
 f - 3 scrolls of remove curse
 i - a scroll of magic mapping
 k - a scroll of blinking
 q - 2 scrolls of fear
 s - a scroll of teleportation


   Skills:
 - Level 2.0 Fighting
 * Level 1.5 Short Blades
 * Level 3.3 Dodging
 - Level 2.4 Stealth
 + Level 5.6 Spellcasting
 * Level 4.4 Conjurations
 * Level 4.6 Fire Magic


You had 5 spell levels left.
You knew the following spells:

 Your Spells              Type           Power        Failure   Level  Hunger
a - Flame Tongue          Conj/Fire      ###..        2%          1    N/A
b - Throw Flame           Conj/Fire      ###...       3%          2    N/A
c - Conjure Flame         Conj/Fire      ###.....     7%          3    N/A
d - Inner Flame           Hex/Fire       ##......     17%         3    N/A
e - Sticky Flame          Conj/Fire      ###.....     22%         4    N/A

Your spell library contained the following spells:

 Spells                   Type           Power        Failure   Level  Hunger
 Fireball                 Conj/Fire      ###.......   52%         5    N/A

Dungeon Overview and Level Annotations

Branches:
Dungeon (5/15)
 Temple: D:4-7

Altars:
Ashenzari
Elyvilon
Fedhas
Hepliaklqana
Qazlal
Sif Muna
Trog
Vehumet
Xom
Yredelemnul


Innate Abilities, Weirdness & Mutations

You do not eat or drink.
Your flesh is vulnerable to fire.
You are immune to poison.
Your flesh is cold resistant. (rC+)
You are immune to negative energy. (rN+++)
You are immune to unholy pain and torment.
You can survive without breathing.


Message History

Something hits you. The phantom misses you. Something hits you.
There is a transporter here.
You enter the transporter and appear at another place.
Something hits you! The phantom hits you.
* * * LOW HITPOINT WARNING * * *
Unknown command.
Something hits you.
* * * LOW HITPOINT WARNING * * *
The phantom blinks!
Something barely misses you. Something hits you.
* * * LOW HITPOINT WARNING * * *
As you read the scroll of teleportation, it crumbles to dust.
You feel strangely unstable. Something barely misses you.
Something hits you but does no damage.
The phantom blinks!
Something hits you!
* * * LOW HITPOINT WARNING * * *
Something hits you but does no damage. Something hits you.
You die...

##################
.................############
.#############.........)....##
.......##### #....#########..#
>..........# #..@##...©...##.####
.###.....#.# #...#8.#...#.8#.#...
.# #.###.#.# #...#h%.#.#...#.#.##
.# #.# #...# #...#$?.......#...#.
.###.# ##..# #..W#_$....©..#©..#.
.....# #..###...#$?.......#...##
.##### ###.##%...#$$.#.#...#.#<##
.# #...##....#8.#...#(8#.#[..
.#######.#..#....##.......##.#[##


You could see a phantom and a hound.

Vanquished Creatures
  Sigmund (D:2)
  2 ice beasts (D:5)
  A sky beast (D:5)
  A phantom (D:4)
  An ogre (D:5)
  A bullfrog skeleton (D:5)
  3 hounds
  3 orc wizards
  An orc priest (D:5)
  A jelly (D:5)
  2 centaur skeletons (D:4)
  An iguana (D:5)
  4 worker ants
  A hound skeleton (D:4)
  A howler monkey zombie (D:5)
  2 adders
  2 shadow imps (D:5)
  2 oozes
  An adder skeleton (D:5)
  A worm (D:3)
  15 orcs
  10 bats
  3 giant cockroaches
  8 goblins
  10 hobgoblins
  6 jackals
  6 kobolds
  2 quokkas
  4 ball pythons
  A ball python zombie (D:5)
  4 frilled lizards
  A quokka skeleton (D:5)
  8 rats
110 creatures vanquished.

Notes
Turn   | Place    | Note
-------+----------+-------------------------------------------
     0 | D:1      | MordorOrchid the Mummy Fire Elementalist began the quest
                  | for the Orb.
     0 | D:1      | Reached XP level 1. HP: 13/13 MP: 4/4
   191 | D:1      | Reached skill level 1 in Conjurations
   191 | D:1      | Reached XP level 2. HP: 19/19 MP: 1/5
   267 | D:1      | Learned a level 2 spell: Throw Flame
   743 | D:1      | Reached XP level 3. HP: 25/25 MP: 0/7
   748 | D:1      | Learned a level 3 spell: Conjure Flame
  1042 | D:1      | Reached skill level 3 in Spellcasting
  1279 | D:2      | Found a faded altar of an unknown god.
  1296 | D:2      | Found a blossoming altar of Fedhas.
  1395 | D:2      | Reached skill level 1 in Fighting
  1560 | D:2      | Noticed Sigmund
  2020 | D:2      | Killed Sigmund
  2020 | D:2      | Reached XP level 4. HP: 8/33 MP: 1/9
  2020 | D:2      | Reached XP level 5. HP: 9/38 MP: 1/10
  2027 | D:2      | Learned a level 3 spell: Inner Flame
  2479 | D:3      | Found a radiant altar of Vehumet.
  2479 | D:3      | Found a white marble altar of Elyvilon.
  2484 | D:3      | Found a bloodstained altar of Trog.
  2486 | D:3      | Found a basalt altar of Yredelemnul.
  2488 | D:3      | Found a hazy altar of Hepliaklqana.
  3655 | D:4      | Reached XP level 6. HP: 27/44 MP: 6/11
  4008 | D:4      | Reached skill level 4 in Spellcasting
  4594 | D:4      | Found an ornate altar of the Wu Jian Council.
  4596 | D:4      | Found a white marble altar of Elyvilon.
  4596 | D:4      | Found a shimmering altar of Xom.
  4599 | D:4      | Found a deep blue altar of Sif Muna.
  4599 | D:4      | Found a hazy altar of Hepliaklqana.
  4599 | D:4      | Found a stormy altar of Qazlal.
  4601 | D:4      | Reached XP level 7. HP: 48/50 MP: 7/13
  4876 | D:4      | Learned a level 4 spell: Sticky Flame
  4884 | D:5      | Entered Level 5 of the Dungeon
  5117 | D:5      | Reached skill level 5 in Spellcasting
  5339 | D:5      | Found a transporter.
  5343 | D:5      | Found a shattered altar of Ashenzari.
  5402 | D:5      | Found a transporter.
  5495 | D:5      | Reached skill level 1 in Short Blades
  5602 | D:5      | Reached XP level 8. HP: 43/56 MP: 8/16
  6412 | D:5      | HP: 1/56 [something (7)]
  6413 | D:5      | Slain by an unseen horror

Skill      XL: |  1  2  3  4  5  6  7 |
---------------+----------------------+-----
Conjurations   | 1 2 3 4 |  4.4
Spellcasting   | 3 4 5 |  5.6
Fighting       | 1 2 |  2.0
Dodging        | 2 3 |  3.3
Stealth        | 2 |  2.4
Fire Magic     | 3 4 |  4.6
Short Blades   | 1 |  1.5

Action                   |  1- 3 |  4- 6 |  7- 9 || total
-------------------------+-------+-------+-------++-------
Melee: Club              |     6 |       |       ||     6
       Dagger            |    10 |    17 |    23 ||    50
Throw: Stone             |     2 |       |       ||     2
       Tomahawk          |       |       |     2 ||     2
 Cast: Flame Tongue      |    49 |    68 |    60 ||   177
       Throw Flame       |    21 |    23 |    26 ||    70
       Conjure Flame     |     1 |     2 |     4 ||     7
  Use: Scroll            |     1 |     3 |     7 ||    11
 Stab: Sleeping          |     3 |     2 |     1 ||     6
Armor: Robe              |     3 |    10 |    17 ||    30
Dodge: Dodged            |    22 |    19 |    41 ||    82
